 Dungeon Crawl Stone Soup version 0.30-a0-223-gcb0039aa0c (webtiles) character file.

Game seed: 5379926053688775081

149 qw the Chopper (level 5, 0/32 HPs)
             Began as a Gargoyle Fighter on Oct 9, 2022.
             Killed from afar by Sigmund (5 damage)
             ... with a puff of flame
             ... on level 3 of the Dungeon.
             The game lasted 00:00:55 (2179 turns).

qw the Chopper (Gargoyle Fighter)                   Turns: 2179, Time: 00:00:56

Health: 0/32       AC: 10    Str: 21    XL:     5   Next: 31%
Magic:  5/5        EV:  9    Int:  9    God:
Gold:   103        SH:  4    Dex:  9    Spells: 4/4 levels left

rFire   . . .      SeeInvis .    Y - +0 war axe
rCold   . . .      Faith    .    c - +0 buckler
rNeg    + . .      Spirit   .    b - +0 scale mail
rPois   inf        Reflect  .    (no helmet)
rElec   +          Harm     .    (no cloak)
rCorr   .          Rampage  .    (no gloves)
Will    .....                    (no boots)
Stlth   ..........               (no amulet)
HPRegen 0.25/turn                (no ring)
MPRegen 0.09/turn                (no ring)

@: no status effects
A: sickness immunity, AC +4, negative energy resistance 1, electricity
resistance, torment resistance 1, petrification resistance
a: no special abilities


You were on level 3 of the Dungeon.
You visited 1 branch of the dungeon, and saw 3 of its levels.

You collected 103 gold pieces.


Innate Abilities, Weirdness & Mutations

You are immune to sickness and miasma.
Your stone body is resilient. (AC +4)
You are immune to poison.
You resist negative energy. (rN+)
You are resistant to electric shocks. (rElec)
You are resistant to unholy torment.
You are immune to petrification.


   Skills:
 - Level 3.2 Fighting
 + Level 4.9 Axes
 - Level 3.2 Armour
 - Level 3.2 Shields


You had 4 spell levels left.
You didn't know any spells.
Your spell library was empty.

Inventory:

Hand Weapons
 p - a +0 whip
 Y - a +0 war axe (weapon)
Armour
 b - a +0 scale mail (worn)
 c - a +0 buckler (worn)
Jewellery
 l - a +6 ring of strength
Scrolls
 a - 2 scrolls of identify
 g - 2 scrolls of fog {unknown}
 i - a scroll of teleportation {unknown}
 m - a scroll of poison {unknown}
 o - 3 scrolls of noise {unknown}
Potions
 d - a potion of might
 e - a potion of lignification
 f - 2 potions of cancellation {unknown}
 h - 2 potions of curing {unknown}
 j - 4 potions of attraction {unknown}
 k - a potion of brilliance {unknown}
 n - 2 potions of heal wounds {unknown}

Dungeon Overview and Level Annotations

Branches:
Dungeon (3/15)

Altars:
Makhleb

Annotations:
D:3 Sigmund


Message History

The iron imp is heavily wounded.
The iron imp hits you but does no damage.
You hit the iron imp but do no damage.
The iron imp is heavily wounded.
You hear a zap.
A puff of flame appears from out of thin air!
The puff of flame hits you!
The iron imp hits you but does no damage.
Something hits you.
You hit the iron imp but do no damage.
The iron imp is heavily wounded.
The iron imp misses you.
You hit the iron imp but do no damage.
The iron imp is heavily wounded.
Something hits you. You block the iron imp's attack.
You completely miss the iron imp.
The iron imp is heavily wounded.
You hear a zap.
A puff of flame appears from out of thin air!
The puff of flame hits you but does no damage.
The iron imp barely misses you. Something hits you.
You hit the iron imp but do no damage.
The iron imp is heavily wounded.
The iron imp closely misses you. The iron imp hits you.
You hit the iron imp.
The iron imp is almost dead.
Something hits you. The iron imp barely misses you.
You barely miss the iron imp.
The iron imp is almost dead.
You hear a zap.
A puff of flame appears from out of thin air!
The puff of flame hits you. You block the iron imp's attack.
You slash the iron imp!
You kill the iron imp!
Something hits you!
You swing at nothing.
You hear a zap.
A puff of flame appears from out of thin air!
The puff of flame hits you.
You die...

##.####.# ........#
##.#.. .))#.#
#..#.#####.# #
#..........# .#
##.#.###############.#
.....................###
.#.#............@.{....#
.............>########.#
.........)........#..#
.........##.#.###.#..#
.........#......#.#..#
.........#..#.#...#..#
.........#..#.#####..#
..~......#...........#
~~8~~....#..#.#####.##


There were no monsters in sight!

Vanquished Creatures
  An iron imp (D:3)
  Jessica (D:3)
  4 adders
  A worm (D:2)
  A dart slug (D:1)
  6 bats
  2 endoplasms
  2 giant cockroaches (D:1)
  4 goblins
  4 hobgoblins
  3 jackals (D:2)
  4 kobolds
  3 quokkas
  8 ball pythons
  A frilled lizard (D:2)
  5 rats
50 creatures vanquished.

Notes
Turn   | Place    | Note
-------+----------+-------------------------------------------
     0 | D:1      | qw the Gargoyle Fighter began the quest for the Orb.
     0 | D:1      | Reached XP level 1. HP: 14/14 MP: 1/1
     0 | D:1      | 0 ||| qw: Version: 0.2-a-17-g06abaee
     0 | D:1      | 0 ||| qw: Game counter: 2089
     0 | D:1      | 0 ||| qw: Always use a shield: true
     0 | D:1      | 0 ||| qw: God list: Okawaru
     0 | D:1      | 0 ||| qw: Allow faded altars: false
     0 | D:1      | 0 ||| qw: Do Orc after D:15 true
     0 | D:1      | 0 ||| qw: Do second Lair branch before Depths: true
     0 | D:1      | 0 ||| qw: Lair rune preference: random
     0 | D:1      | 0 ||| qw: Plans: Normal, Zot:1-4, God:TSO, Crypt, Tomb,
                  | Pan, Slime:5, Hells, Abyss, Orb
     0 | D:1      | 0 ||| PLANNING D:1-11
    43 | D:1      | 43 ||| Stepping ~*~*~tactically~*~*~ (stealth).
    52 | D:1      | Reached skill level 2 in Axes
    83 | D:1      | Reached XP level 2. HP: 19/19 MP: 2/2
   392 | D:1      | 392 ||| DROPPING amulet of faith.
   631 | D:1      | Reached skill level 3 in Axes
   709 | D:1      | Reached XP level 3. HP: 13/23 MP: 3/3
   842 | D:1      | 842 ||| READING 2 scrolls labelled ESESME ONAT.
   843 | D:1      | 843 ||| DRINKING 2 brown potions.
   844 | D:1      | 844 ||| DROPPING potion of flight.
  1006 | D:2      | 1006 ||| Stepping ~*~*~tactically~*~*~ (stealth).
  1171 | D:2      | Reached XP level 4. HP: 28/28 MP: 4/4
  1314 | D:2      | Reached skill level 4 in Axes
  1322 | D:2      | 1322 ||| Stepping ~*~*~tactically~*~*~ (stealth).
  1564 | D:2      | 1564 ||| DROPPING scarf of harm.
  1565 | D:2      | 1565 ||| READING scroll labelled FIUTSULUNK.
  1566 | D:2      | 1566 ||| DRINKING 2 lumpy coppery potions.
  1797 | D:3      | Noticed Jessica
  1798 | D:3      | 1798 ||| Stepping ~*~*~tactically~*~*~ (hiding).
  1799 | D:3      | 1799 ||| Stepping ~*~*~tactically~*~*~ (hiding).
  1809 | D:3      | 1809 ||| Stepping ~*~*~tactically~*~*~ (hiding).
  1812 | D:3      | 1812 ||| Stepping ~*~*~tactically~*~*~ (hiding).
  1815 | D:3      | Killed Jessica
  1938 | D:3      | 1938 ||| DROPPING +0 club.
  1991 | D:3      | Found a faded altar of an unknown god.
  2071 | D:3      | 2071 ||| Stepping ~*~*~tactically~*~*~ (stealth).
  2084 | D:3      | Reached XP level 5. HP: 31/32 MP: 5/5
  2130 | D:3      | Found a burning altar of Makhleb.
  2159 | D:3      | Noticed Sigmund
  2178 | D:3      | HP: 4/32 [something (8)]
  2179 | D:3      | Killed from afar by Sigmund

Levels and vault maps discovered:
D:1:      spicycebolla_green_bress_n_ham, layout_loops_ring
D:2:      layout_basic, amethyst_killhole, minmay_surrounded
D:3:      layout_basic, demons_altar, nicolae_ecumenical_oubliette,
          grunt_ministairs_15, minmay_unequal, uniq_sigmund, uniq_jessica

Skill      XL: |  1  2  3  4 |
---------------+-------------+-----
Axes           | 2 3 4 |  4.9
Fighting       | |  3.2
Armour         | |  3.2
Shields        | |  3.2

Action                   |  1- 3 |  4- 6 || total
-------------------------+-------+-------++-------
Melee: War axe           |   129 |    62 ||   191
Throw: Boomerang         |     2 |     5 ||     7
  Use: Scroll            |     1 |     1 ||     2
       Potion            |     1 |     1 ||     2
Armor: Scale mail        |    67 |    34 ||   101
Dodge: Dodged            |    67 |    20 ||    87
Block: Buckler           |    24 |    14 ||    38

Table legend:
 A = Non-vault XP
 B = Vault XP
 C = Vault XP percentage of total XP
 D = Non-vault monster count
 E = Vault monster count
 F = Vault count percentage of total count
                 A         B        C        D         E       F
            +---------+---------+-------+---------+---------+-------
      Total |     129 |      84 |  39.4 |      43 |       7 |  14.0
            +---------+---------+-------+---------+---------+-------
        D:1 |      35 |       0 |   0.0 |      19 |       0 |   0.0
        D:2 |      65 |       3 |   4.4 |      14 |       3 |  17.6
        D:3 |      29 |      81 |  73.6 |      10 |       4 |  28.6
            +---------+---------+-------+---------+---------+-------
